 Dungeon Crawl Stone Soup version 0.30-a0-847-g17996783a1 (webtiles) character file.

Game seed: 3082816629229121748

40 holysushi the Cutter (level 3, -2/29 HPs)
             Began as a Demonspawn Monk on Mar 3, 2023.
             Killed from afar by a white imp (9 damage)
             ... with a puff of frost
             ... summoned by Natasha
             ... on level 2 of the Dungeon.
             The game lasted 00:01:24 (955 turns).

holysushi the Cutter (Demonspawn Monk)               Turns: 955, Time: 00:01:24

Health: -2/29      AC:  2    Str: 11    XL:     3   Next: 30%
Magic:  3/3        EV: 13    Int: 11    God:
Gold:   42         SH:  0    Dex: 17    Spells: 2/2 levels left

rFire   . . .      SeeInvis .    a - +0 short sword
rCold   . . .      Faith    .    (no shield)
rNeg    . . .      Spirit   .    b - +0 robe
rPois   .          Reflect  .    (no helmet)
rElec   .          Rampage  .    (no cloak)
rCorr   .                        (no gloves)
Will    .....                    (no boots)
Stlth   ++                       (no amulet)
HPRegen 0.24/turn                (no ring)
MPRegen 0.08/turn                (no ring)

@: attractive, slowed, very slow
A: powered by pain 1
a: no special abilities


You were on level 2 of the Dungeon.
You visited 1 branch of the dungeon, and saw 2 of its levels.

You collected 42 gold pieces.

Inventory:

Hand Weapons
 a - a +0 short sword (weapon)
Armour
 b - a +0 robe (worn)
 d - a +1 ring mail of willpower
Scrolls
 c - a scroll of magic mapping {unknown}
 g - 2 scrolls of immolation {unknown}
Potions
 e - a potion of brilliance {unknown}
 h - a potion of cancellation {unknown}


   Skills:
 - Level 3.0 Fighting
 + Level 4.0 Short Blades
 - Level 2.6 Dodging
 - Level 1.7 Stealth


You had 2 spell levels left.
You didn't know any spells.
Your spell library was empty.

Dungeon Overview and Level Annotations

Branches:
Dungeon (2/15) Zot: 11060

Altars:

Shops:
D:1 (

Annotations:
D:2 Natasha


Innate Abilities, Weirdness & Mutations

You sometimes gain a little power by taking damage.


Message History

You closely miss Natasha.
Natasha is moderately wounded.
Natasha casts a spell at you. The magic dart hits you!
Natasha stares at you and mumbles some strange words.
You resist with significant effort.
You miss Natasha.
Natasha is moderately wounded.
Natasha closely misses you.
You hit Natasha.
Natasha is moderately wounded.
Natasha stares at you and mumbles some strange words.
The magic dart hits you.
You hit Natasha but do no damage.
Natasha is moderately wounded.
Natasha closely misses you.
You hit Natasha.
Natasha is severely wounded.
Natasha claws you but does no damage.
You hit Natasha but do no damage.
Natasha is severely wounded.
Natasha drinks a potion.
Natasha is healed!
Natasha claws you.
You hit Natasha.
Natasha is moderately wounded.
Natasha stares at you and mumbles some strange words.
You resist with significant effort.
You hit Natasha but do no damage.
Natasha is moderately wounded.
Natasha casts a spell.
The white imp is attracted toward you.
You hit Natasha.
Natasha is heavily wounded.
Natasha barely misses you. The white imp hits you. The white imp freezes you.
* * * LOW HITPOINT WARNING * * *
You hit Natasha.
Natasha is severely wounded.
Natasha barely misses you. The white imp gestures at you.
The puff of frost hits you!
You die...

........# #≈≈.....#
............# 'g≈.....#
............####≈≈.....#
..............##≈~.....#
...........#..##≈~~..))#
...........#..########.#
..........$..........>.)
.....§5h..####....#.)...
.....#@#.####..........
#..........#........##
##...............<....
###..............###.#.
....####+#.#...#.....#.
...............#.......
................#.....##
................#####...
##................ #...


You could see Natasha and a white imp (summoned).

Vanquished Creatures
  A dart slug (D:2)
  4 endoplasms
  A giant cockroach (D:1)
  11 goblins
  2 hobgoblins (D:1)
  2 jackals (D:1)
  A kobold (D:1)
  2 quokkas (D:1)
  2 ball pythons
  3 frilled lizards
  4 rats
33 creatures vanquished.

Notes
Turn   | Place    | Note
-------+----------+-------------------------------------------
     0 | D:1      | holysushi the Demonspawn Monk began the quest for the Orb.
     0 | D:1      | Reached XP level 1. HP: 18/18 MP: 1/1
   120 | D:1      | Found Turelets's Antique Weapon Emporium.
   165 | D:1      | Reached skill level 3 in Short Blades
   243 | D:1      | Gained mutation: You sometimes gain a little power by
                  | taking damage. [demonic ancestry]
   243 | D:1      | Reached XP level 2. HP: 13/24 MP: 2/2
   599 | D:1      | Reached XP level 3. HP: 7/29 MP: 3/3
   821 | D:2      | Noticed Natasha
   847 | D:2      | Reached skill level 4 in Short Blades
   955 | D:2      | Killed from afar by a white imp

Illustrated notes

Levels and vault maps discovered:
D:1:      tarquinn_simple_flora_water_a, layout_rooms, serial_shops,
          nicolae_square_shop
D:2:      layout_basic, minmay_goblin_outpost, uniq_natasha

Skill      XL: |  1  2  3 |
---------------+----------+-----
Short Blades   | 3 4 |  4.0
Fighting       | |  3.0
Dodging        | |  2.6
Stealth        | |  1.7

Action                     || total
---------------------------++-------
  Melee: Short sword       ||   152
         Punch             ||     1
    Use: Potion            ||     2
         Scroll            ||     1
 Armour: Robe              ||    23
  Dodge: Dodged            ||   116

Table legend: (Time is in decaauts)
 A = Elapsed time spent in this place.
 B = Non-inter-level travel time spent in this place.
 C = Inter-level travel time spent in this place.
 D = Time resting spent in this place.
 E = Time spent auto-exploring this place.
 F = Levels seen in this place.
 G = Mean time per level.
                   A        B        C        D        E       F      G
               +--------+--------+--------+--------+--------+-----+--------+
         Total |    938 |    935 |      3 |    254 |    340 |   2 |  469.0 |
       Dungeon |    938 |    935 |      3 |    254 |    340 |   2 |  469.0 |
               +--------+--------+--------+--------+--------+-----+--------+

Top non-repeatable levels by time:
     D:1: 636 daAuts
     D:2: 301 daAuts
